 Dungeon Crawl Stone Soup version 0.26-b1-25-gafae2e710b (webtiles) character file.

Game seed: 9955319493467622676

91 scsoc the Covered (level 4, -3/41 HPs)
             Began as a Minotaur Fighter on Jan 2, 2021.
             Killed by divine providence
             ... invoked by an orc priest
              (14 damage)
             ... on level 2 of the Dungeon.
             The game lasted 00:04:38 (1262 turns).

scsoc the Covered (Minotaur Fighter)                Turns: 1262, Time: 00:04:38

Health: -3/41      AC:  7    Str: 21    XL:     4   Next: 34%
Magic:  3/3        EV:  7    Int:  5    God:
Gold:   85         SH:  9    Dex: 10    Spells: 3/3 levels left

rFire    . . .     SeeInvis .   a - +0 long sword
rCold    . . .     Faith    .   c - +0 kite shield
rNeg     . . .     Spirit   .   b - +0 scale mail
rPois    .         Reflect  .   (helmet restricted)
rElec    .         Harm     .   (no cloak)
rCorr    .         Rampage  .   (no gloves)
Will     .....                  (no boots)
Stlth    ..........             (no amulet)
HPRegen  0.13/turn              e - ring of wizardry
MPRegen  0.08/turn              (no ring)

@: no status effects
A: retaliatory headbutt, horns 2
a: no special abilities


You were on level 2 of the Dungeon.
You visited 1 branch of the dungeon, and saw 2 of its levels.

You collected 85 gold pieces.

Inventory:

Hand Weapons
 a - a +0 long sword (weapon)
Armour
 b - a +0 scale mail (worn)
 c - a +0 kite shield (worn)
 f - a +0 chain mail
Jewellery
 e - a ring of wizardry (left hand)
Wands
 h - a wand of flame (6)
Scrolls
 i - a scroll of teleportation {unknown}
 j - a scroll of fear {unknown}
Potions
 d - a potion of might
 g - a potion of curing
 k - a potion of haste {unknown}


   Skills:
 + Level 4.3 Fighting
 + Level 3.5 Long Blades
 + Level 4.5 Armour
 + Level 0.2 Dodging
 + Level 4.2 Shields


You had 3 spell levels left.
You didn't know any spells.
Your spell library was empty.

Dungeon Overview and Level Annotations

Branches:
Dungeon (2/15)

Altars:
Nemelex Xobeh


Innate Abilities, Weirdness & Mutations

You reflexively headbutt those who attack you in melee.
You have a pair of horns on your head.


Message History

You hit the orc priest but do no damage.
You headbutt the orc priest.
The orc priest is moderately wounded.
The orc priest invokes the aid of Beogh against you.
Pain shoots through your body!
You hear some strange, mumbled words.
A magic dart appears from out of thin air!
The magic dart hits you but does no damage.
The orc priest casts a cantrip, but nothing happens.
Something hits you but does no damage.
Your shield prevents you from hitting something.
You headbutt something! You block the orc priest's attack.
You hear some strange, mumbled words.
A puff of flame appears from out of thin air!
The puff of flame hits you.
* * * LOW HITPOINT WARNING * * *
You miss something.
The orc priest calls down the wrath of Beogh upon you.
Beogh smites you!
You die...

..##.....#### ###....[.#.##
..##.....###########......#..#
..####..)#............######.####
<.# #..<.†...†......[...........
### #####............#######.###
#............# #..#
#............##### ##.## .
#########)).......###.... ..
........@{†.........'..†. ...
#########o........###.... ....
#.........# #.... #.....(...#
###.. #.........# ##. #.........#
. #......†..# . #.........##### #
..............[#


You could see an orc priest.

Vanquished Creatures
  Terence (D:2)
  2 adders (D:2)
  A worm (D:2)
  A dart slug (D:1)
  2 leopard geckos
  An orc (D:2)
  7 bats
  6 goblins
  2 hobgoblins (D:1)
  3 jackals (D:2)
  A quokka (D:2)
  A ball python (D:1)
  2 frilled lizards
  7 kobolds
  4 rats
41 creatures vanquished.

Notes
Turn   | Place    | Note
-------+----------+-------------------------------------------
     0 | D:1      | scsoc the Minotaur Fighter began the quest for the Orb.
     0 | D:1      | Reached XP level 1. HP: 19/19 MP: 0/0
   191 | D:1      | Reached XP level 2. HP: 22/27 MP: 1/1
   888 | D:2      | Found a sparkling altar of Nemelex Xobeh.
   888 | D:2      | Noticed Terence
   895 | D:2      | Reached XP level 3. HP: 26/33 MP: 2/2
   901 | D:2      | Killed Terence
  1076 | D:2      | Reached XP level 4. HP: 40/40 MP: 3/3
  1262 | D:2      | Killed from afar by an orc priest

Illustrated notes

Levels and vault maps discovered:
D:1:      wander_arrival_lonely_grave, layout_basic, serial_bayou_pond_b
D:2:      layout_basic, overflow_temple_1_default, uniq_terence

Skill      XL: |  1  2  3 |
---------------+----------+-----
Armour         | 4 |  4.5
Fighting       | 4 |  4.3
Long Blades    | 3 |  3.5
Shields        | 4 |  4.2
Dodging        | |  0.2

Action                   |  1- 3 |  4- 6 || total
-------------------------+-------+-------++-------
Melee: Long sword        |    77 |    29 ||   106
       Headbutt          |    11 |     6 ||    17
  Use: Scroll            |     1 |       ||     1
Armor: Scale mail        |    47 |    19 ||    66
Dodge: Dodged            |    29 |    12 ||    41
Block: Kite shield       |    65 |    24 ||    89
       Rpst.: Long sword |    10 |     5 ||    15
